Map: Cradle of Death

Players

Chacal

  • Race: Protoss Protoss
  • Spawn Location: 0:00

Ratl

  • Race: Protoss Protoss
  • League: Silver
  • Spawn Location: 0:00

VOD

Have the link to the VOD?

Description

Time

  • Played on: Jan. 12, 2020, 6:02 p.m.
  • Length: 8:43
Show
View Real Time Build Order
Export as new Build Order

Chacal Protoss 

Build Orders:  

Get SALT Encoding   

  12  0:03  Probe (Chrono Boost)  
  13  0:11  Unknown  
  13  0:15  Probe (Chrono Boost)  
  14  0:46  Pylon  
  14  0:59  Assimilator  
  14  1:18  Assimilator  
  14  1:33  Gateway  
  14  1:38  Forge  
  14  1:49  Gateway  
  14  1:53  Probe (Chrono Boost)  
  15  2:05  Probe (Chrono Boost)  
  16  2:17  Probe (Chrono Boost)  
  17  2:29  Probe (Chrono Boost)  
  18  2:41  Probe (Chrono Boost)  
  19  2:51  Cybernetics Core  
  19  2:53  Probe (Chrono Boost)  
  20  3:05  Probe (Chrono Boost)  
  21  3:17  Probe (Chrono Boost)  
  22  3:20  Protoss Ground Weapons Level 1  
  22  3:29  Probe (Chrono Boost)  
  22  3:35  Protoss Air Weapons Level 1  
  23  5:39  Protoss Ground Armor Level 1  
  23  5:49  Pylon  
  23  5:50  Pylon  
  23  5:55  Pylon  
  23  6:07  Warp Gate  
  23  6:09  Sentinel x2  
  23  6:12  Probe (Chrono Boost)  
  28  6:20  Pylon  
  28  6:24  Probe (Chrono Boost)  
  28  6:25  Pylon  
  28  6:29  Pylon  
  29  6:36  Probe (Chrono Boost)  
  30  6:46  Pylon  
  30  6:48  Probe (Chrono Boost)  
  30  6:49  Pylon  
  35  7:00  Probe (Chrono Boost)  
Show
View Real Time Build Order
Export as new Build Order

Ratl Protoss 

Build Orders:  

Get SALT Encoding   

  12  0:00  Probe (Chrono Boost)  
  13  0:12  Probe (Chrono Boost)  
  13  0:13  Unknown  
  14  0:38  Pylon  
  14  0:46  Probe (Chrono Boost)  
  15  1:01  Probe (Chrono Boost)  
  15  1:02  Assimilator  
  16  1:13  Probe (Chrono Boost)  
  16  1:19  Gateway  
  17  1:25  Probe (Chrono Boost)  
  18  1:37  Probe (Chrono Boost)  
  18  1:38  Gateway  
  19  1:49  Probe (Chrono Boost)  
  19  1:58  Assimilator  
  20  2:01  Probe (Chrono Boost)  
  21  2:13  Probe (Chrono Boost)  
  22  2:26  Cybernetics Core  
  22  2:30  Probe (Chrono Boost)  
  23  2:55  Pylon  
  23  2:57  Pylon  
  23  3:08  Pylon  
  23  3:18  Probe (Chrono Boost)  
  23  3:24  Zealot  
  23  3:25  Zealot  
  28  3:30  Probe (Chrono Boost)  
  29  3:42  Probe (Chrono Boost)  
  29  3:48  Dragoon x2  
  34  3:56  Probe (Chrono Boost)  
  35  4:10  Pylon  
  35  4:14  Dragoon  
  37  4:21  Dragoon  
  39  5:05  Dragoon x2  
  39  5:06  Dragoon x2  
  47  5:33  Dragoon x2  
  51  5:58  Probe (Chrono Boost), Pylon  
  51  6:00  Pylon  
  51  6:08  Pylon  
  52  6:10  Probe (Chrono Boost)  
  53  6:22  Probe (Chrono Boost)  
  54  6:30  Forge  
  54  6:31  Forge  
  54  6:34  Probe (Chrono Boost)  
  55  6:51  Dragoon  
  55  6:56  Zealot  
Tags
 
Add a new tag
Caveats
  • Supply blocks, unpowered buildings, or Contaminate may cause inaccurate times.
  • Supply counts are checked every 10 seconds.